AoeStats
← Zane

Arabia

510272809Analyzed
1v1 RM · 1d ago on Sep 30, 2026· 38m 51s· 2 players
Game mode
Random Map
Map size
Tiny (2 player)
Population
200
Speed
Normal
Resources
Standard
Victory
Conquest
Starting age
Dark Age
Ending age
Imperial Age
RankedLock teamsTeams togetherTeam positionsShared explorationLock speedFull tech treeHidden civsTurbo modeCheats
Victory
Defeat
🇧🇬 Ethiopians · Bulgaria
1726
+19
🇨🇳 Vietnamese · China
1796
-19
Bilbo Bagains
7:04 Loom
9:28 Feudal Age
10:08 Double-Bit Axe
11:31 Town Watch
12:32 Fletching
14:34 Horse Collar
23:17 Castle Age
21:37 Gold Mining
23:20 Padded Archer Armor
23:21 Crossbowman
23:57 Bodkin Arrow
24:50 Bow Saw
25:37 Ballistics
28:50 Elite Skirmisher
30:14 Wheelbarrow
32:47 Stone Mining
37:38 Imperial Age
37:12 Leather Archer Armor
38:30 Hand Cart
38:23 Bracer
39:24 Chemistry
Zane
6:21 Loom
9:05 Feudal Age
10:14 Double-Bit Axe
12:00 Fletching
15:16 Padded Archer Armor
19:46 Scale Barding Armor
24:43 Castle Age
23:52 Gold Mining
23:43 Horse Collar
25:01 Bloodlines
24:49 Elite Skirmisher
25:25 Bodkin Arrow
26:11 Bow Saw
26:06 Crossbowman
27:50 Leather Archer Armor
30:42 Ballistics
Connection lost

Rejoining the realm…

Still unreachable

The connection could not be restored.

Session expired

The server has moved on; the page needs a fresh start.